 Adventure DCSS version bcrawl-1.27.3 (webtiles) character file.

Game seed: 6203941362943328406

91863 galech the Skirmisher (level 3, 29/29 HPs)
             Began as a Demonspawn Fighter on July 31, 2020.
             Quit the game on level 2 of the Dungeon.
             The game lasted 00:02:09 (1684 turns).

galech the Skirmisher (Demonspawn Fighter)          Turns: 1684, Time: 00:02:10

Health: 29/29      AC:  8    Str: 16    XL:     3   Next: 23%
Magic:  3/3        EV:  5    Int:  9    God:
Gold:   101        SH:  9    Dex: 14    Spells: 2/2 levels left
                                        Lives:  1   Deaths: 1

rFire    . . .     SeeInvis .   a - +0 war axe
rCold    . . .     Gourm    .   c - +0 medium shield
rNeg     . . .     Faith    .   b - +0 scale mail
rPois    .         Spirit   .   (helmet restricted)
rElec    .         Reflect  .   (no cloak)
rCorr    .         Harm     .   o - +0 pair of gloves
MR       .....                  (no boots)
Stlth    ..........             k - amulet of regeneration
HPRegen  0.18/turn              (no ring)
MPRegen  0.08/turn              (no ring)

@: no status effects
A: horns 1
a: no special abilities


You were on level 2 of the Dungeon.
You were not hungry.

You visited 1 branch of the dungeon, and saw 2 of its levels.

You collected 101 gold pieces.

Inventory:

Hand Weapons
 a - a +0 war axe (weapon)
Armour
 b - a +0 scale mail (worn)
 c - a +0 medium shield (worn)
 o - a +0 pair of gloves (worn)
Jewellery
 k - an amulet of regeneration (around neck)
Scrolls
 g - 2 scrolls of fog {unknown}
 i - 2 scrolls of remove curse {unknown}
 l - a scroll of teleportation {unknown}
 m - 2 scrolls of blinking {unknown}
 p - a scroll of identify
Potions
 d - 2 potions of might
 f - a potion of flight {unknown}
 h - 2 potions of haste {unknown}
 j - a potion of lignification {unknown}
 q - 2 potions of curing
Comestibles
 e - 7 rations {!d}


   Skills:
 + Level 3.3 Fighting
 + Level 3.0 Axes
 + Level 3.2 Armour
 + Level 3.1 Shields


You had 2 spell levels left.
You didn't know any spells.
Your spell library was empty.

Dungeon Overview and Level Annotations

Branches:
Dungeon (2/12)

Altars:
Trog


Innate Abilities, Weirdness & Mutations

You have a pair of small horns on your head.


Message History

You hit the rat.
You kill the rat!
The moth of wrath goads the worm on!
The worm goes berserk!
The worm bites you.
Things that are here:
a rat corpse; a worm corpse You block the worm's attack.
The worm barely misses you.
Your scale mail prevents you from hitting the worm.
The worm bites you.
You slash the worm! You headbutt the worm!
The worm is severely wounded.
The worm bites you!
* * * LOW HITPOINT WARNING * * *
The worm bites you!
You die...
Xom reaches out...
You are now level 3!
You rejoin the land of the living...
Are you sure you want to abandon this character and quit the game? (Confirm with "yes".)

...[...# #...#
######.#
#.#.###### # #.#
#.#.##...## #
#.# #.#.#.###.##
###### # #.#
#.#..##
##.#######..>..
#.# #.#..#
#.............
#.# #.#..##
##...#####.###.
##.##
#.###.###.####
#.# ##
#####...###.#
##@..## #.#
....(.......#
##.## #.#
.####..)#####
#.# #.# ## ##.##
##.## #.# #.#
##.#.## ##.# #.#
#####.###.#####
#..# #.# #.[..##
##....# #.## #.#
#.###.###.###.#
#.# #.####.#
##.#.####.###.##


There were no monsters in sight!

Vanquished Creatures
  4 worms (D:2)
  A leopard gecko (D:1)
  An orc (D:2)
  2 ball pythons (D:2)
  2 giant cockroaches (D:1)
  8 hobgoblins
  11 jackals
  2 quokkas (D:2)
  8 bats
  3 frilled lizards
  4 goblins
  10 kobolds
  10 rats
66 creatures vanquished.

Notes
Turn   | Place    | Note
-------+----------+-------------------------------------------
     0 | D:1      | galech the Demonspawn Fighter began the quest for the Orb.
     0 | D:1      | Reached XP level 1. HP: 18/18 MP: 1/1
   106 | D:1      | Gained mutation: You have a pair of small horns on your
                  | head. [demonic ancestry]
   106 | D:1      | Reached XP level 2. HP: 16/24 MP: 2/2
   466 | D:1      | Reached XP level 3. HP: 26/29 MP: 3/3
  1389 | D:2      | Reached XP level 4. HP: 19/35 MP: 4/4
  1656 | D:2      | Noticed a moth of wrath
  1659 | D:2      | Found a bloodstained altar of Trog.
  1683 | D:2      | HP: 1/35 [worm (12)]
  1683 | D:2      | Mangled by a worm
  1684 | D:2      | Reached XP level 3. HP: -9/29 MP: 3/3
  1684 | D:2      | Quit the game

Skill      XL: |  1  2  3  4 |
---------------+-------------+-----
Armour         | 3 |  3.2
Axes           | 2 3 |  3.0
Shields        | 3 |  3.1
Fighting       | |  3.3

Action                   |  1- 3 |  4- 6 || total
-------------------------+-------+-------++-------
Melee: War axe           |   156 |    28 ||   184
       Headbutt          |    19 |     6 ||    25
  Eat: Chunk             |     7 |     1 ||     8
Armor: Scale mail        |   112 |    10 ||   122
Dodge: Dodged            |    32 |     8 ||    40
Block: Medium shield     |    87 |    13 ||   100
